Map: Moonlight Madness LE (Void)

Players

wabbajack

  • Race: Terran Terran
  • League: Grandmaster

Zan - Winner!

  • Race: Terran Terran
  • League: Grandmaster

VOD

Have the link to the VOD?

Description

Time

  • Played on: July 14, 2015, 5:35 p.m.
  • Length: 3:31
Show
View Real Time Build Order
Export as new Build Order

wabbajack Terran 

Build Orders: Command Center First (CC) 

Get SALT Encoding   

  12  0:01  SCV  
  13  0:13  SCV  
  14  0:21  Supply Depot  
  14  0:25  SCV  
  16  0:42  SCV  
  16  0:55  SCV  
  17  1:03  Command Center  
  17  1:07  SCV  
  18  1:17  Barracks  
  18  1:20  SCV  
  19  1:32  Barracks  
  19  1:35  SCV  
  20  1:45  Refinery  
  20  1:47  SCV  
  21  2:06  Marine  
  21  2:19  Orbital Command  
  21  2:24  Barracks, Marine  
  21  2:26  Orbital Command  
  21  2:39  Marine  
  21  2:42  Marine  
  22  2:44  Bunker  
  21  2:56  Marine  
  22  2:58  SCV  
  22  2:59  SCV  
  22  3:00  Marine  
  22  3:12  SCV x2  
  24  3:16  Supply Depot, Barracks Tech Lab  
Show
View Real Time Build Order
Export as new Build Order

Zan Terran - Winner!

Build Orders:  

Get SALT Encoding   

  12  0:00  SCV  
  13  0:13  SCV  
  14  0:18  Supply Depot  
  14  0:25  SCV  
  15  0:40  SCV  
  16  0:43  Barracks  
  16  0:48  Refinery  
  16  0:52  SCV  
  17  1:01  Barracks  
  17  1:04  SCV  
  18  1:18  SCV  
  19  1:31  Reaper  
  19  1:32  Orbital Command  
  20  1:34  Refinery  
  20  1:40  Supply Depot  
  20  1:49  Reaper  
  21  1:58  SCV  
  22  2:03  Reaper  
  23  2:10  Bunker  
  23  2:17  SCV  
  23  2:21  Reaper  
  25  2:35  Reaper  
  25  2:36  SCV  
  27  2:47  Command Center  
  27  2:55  SCV  
  27  2:56  Reaper  
  29  3:01  Supply Depot  
  29  3:02  Factory  
  29  3:08  SCV  
  31  3:12  Bunker  
  32  3:28  Engineering Bay  
Tags
 
Add a new tag
Caveats
  • Supply blocks, unpowered buildings, or Contaminate may cause inaccurate times.
  • Supply counts are checked every 10 seconds.